 Dungeon Crawl Stone Soup version 0.25.0-11-g1f837a76a1 (console) character file.

Game seed: 183992498651823223

4875 bli the Martial Artist (level 10, -1/79 (81) HPs)
             Began as a Black Draconian Transmuter on June 27, 2020.
             Was a Believer of Wu Jian.
             Slain by a yak (8 damage)
             ... on level 9 of the Dungeon.
             The game lasted 00:47:24 (11525 turns).

bli the Martial Artist (DrTm)                      Turns: 11525, Time: 00:47:25

HP:   -1/79 (81)    AC:  2    Str: 13    XL:     10   Next: 26%
MP:   19/20         EV: 23    Int: 20    God:    Wu Jian [**....]
Gold: 97            SH:  0    Dex: 19    Spells: 8/23 levels left

rFire    . . .     SeeInvis .     - Unarmed
rCold    . . .     Gourm    .   (shield currently unavailable)
rNeg     . . .     Faith    .   (armour unavailable)
rPois    x         Spirit   .   (helmet currently unavailable)
rElec    .         Reflect  .   (cloak currently unavailable)
rCorr    .         Harm     .   (gloves currently unavailable)
MR       .....                  (boots currently unavailable)
Stlth    +++.......             (no amulet)
HPRegen  0.23/turn              (no ring)
MPRegen  0.17/turn              b - +6 ring of intelligence

@: spider-form
A: tiny, (breathe lightning), unfitting armour, AC +7
a: End Transformation, Wall Jump, Renounce Religion


You were on level 9 of the Dungeon.
You worshipped Wu Jian.
Wu Jian was pleased with you.
You were not hungry.
You were a venomous arachnid creature.
You visited 2 branches of the dungeon, and saw 10 of its levels.
You also visited: Sewer.

You collected 472 gold pieces.
You spent 375 gold pieces at shops.

Inventory:

Hand Weapons
 t - the +6 short sword of Internal Strife {flame, rElec rN+++ Int+2 Dex-3, unknown}
   (You found it on level 7 of the Dungeon)

   It has been specially enchanted to burn those struck by it, causing extra
   injury to most foes and up to half again as much damage against particularly
   susceptible opponents.
   It affects your intelligence (+2).
   It affects your dexterity (-3).
   It insulates you from electricity.
   It renders you almost immune to negative energy.
 E - a +2 falchion of pain
 M - a +6 falchion
Missiles
 a - 90 arrows
 e - 3 atropa-tipped darts (quivered)
 h - 280 stones
 j - 7 javelins
 l - 13 curare-tipped darts
 o - 32 poisoned darts
Armour
 f - a +2 pair of boots (melded)
 i - a +0 cloak (melded)
 k - a +0 pair of gloves (melded)
 p - the +0 helmet "Biociw" {Regen+}
   (You took it off Robin on level 2 of the Dungeon)

   It increases your rate of regeneration.
 F - a +2 kite shield
Jewellery
 b - a +6 ring of intelligence (right front leg)
Wands
 d - a wand of digging (7)
 n - a wand of disintegration (11)
 G - a wand of iceblast (10)
 K - a wand of paralysis (11)
Scrolls
 g - a scroll of magic mapping {unknown}
 m - 3 scrolls of teleportation {unknown}
 r - 2 scrolls of remove curse
 x - 3 scrolls of fear {unknown}
 y - 2 scrolls of blinking
 A - a scroll of fog {unknown}
 B - 3 scrolls of enchant weapon
 C - a scroll of random uselessness {unknown}
 D - 2 scrolls of immolation {unknown}
 J - 5 scrolls of identify
Potions
 q - 2 potions of brilliance {unknown}
 s - a potion of heal wounds
 u - 2 potions of haste {unknown}
 v - 3 potions of curing
 w - 3 potions of magic
 z - 2 potions of flight {unknown}
 H - a potion of might
 I - 2 potions of cancellation {unknown}
 L - a potion of stabbing {unknown}
Comestibles
 c - 8 rations


   Skills:
 + Level 5.1 Fighting
 + Level 4.4 Dodging
 * Level 3.4 Stealth
 + Level 8.7 Unarmed Combat
 * Level 7.2 Spellcasting
 + Level 6.5 Transmutations
 * Level 2.3 Ice Magic
 + Level 2.0 Poison Magic
 + Level 0.1 Evocations


You had 8 spell levels left.
You knew the following spells:

 Your Spells              Type           Power        Failure   Level  Hunger
a - Beastly Appendage     Tmut           ####..       4%          1    None
b - Sticks to Snakes      Tmut           ####....     4%          2    None
B - Blade Hands           Tmut           ####......   36%         5    #####..
I - Ice Form              Ice/Tmut       ###.....     34%         4    ###....
S - Spider Form           Tmut/Pois      ###.......   14%         3    #......

Your spell library contained the following spells:

 Spells                   Type           Power        Failure   Level  Hunger
 Bolt of Magma            Conj/Fire/Erth #.........   99%         5    #####..
 Iskenderun's Battlesphe  Conj/Chrm      #.......     99%         5    #####..
 Iron Shot                Conj/Erth      #.........   100%        6    ######.
 Orb of Destruction       Conj           #.........   100%        7    #######
 Spellforged Servitor     Conj/Summ      #.........   100%        7    #######


Dungeon Overview and Level Annotations

Branches:
Dungeon (9/15)             Temple (1/1) D:5           Sewer (visited)
   Lair: D:8-11         Orc: D:9-12

Altars:
Ashenzari
Cheibriados
Dithmenos
Elyvilon
Fedhas
Gozag
Hepliaklqana
Kikubaaqudgha
Makhleb
Nemelex Xobeh
Okawaru
Qazlal
Ru
Sif Muna
Trog
Uskayaw
Vehumet
Wu Jian
Xom
Yredelemnul
The Shining One

Shops:
D:8 *


Innate Abilities, Weirdness & Mutations

((You can breathe wild blasts of lightning.))
((Your glossy black scales are hard. (AC +7)))
You cannot fit into any form of body armour.
((You are resistant to electric shocks. (rElec)))
((You are cold-blooded and may be slowed by cold attacks.))


Message History

You hit the yak.
The yak is poisoned.
The yak is lightly wounded.
The hippogriff misses you. x2; The hippogriff closely misses you.
The yak gores you! The yak misses you.
You bite the yak!
The yak is lightly wounded.
The yak misses you. The yak closely misses you.
You completely miss the yak.
The yak is lightly wounded.
The yak gores you.
* * * LOW HITPOINT WARNING * * *
The hippogriff closely misses you.
The hippogriff completely misses you. x2; The yak closely misses you.
The yak gores you!
* * * LOW HITPOINT WARNING * * *
The yak misses you.
You spin and attack the yak.
You barely miss the yak.
The yak is lightly wounded.
You spin and attack the yak.
You hit the yak.
The yak is poisoned.
The yak is lightly wounded.
The yak gores you!
You die...

#######'##
#........#
+........#
#........#
#........#
#...)....#
#........+
#...[....#
##'#######
#.......#
#######s###
####+##
#.HYYY.#
......#
#...Y....#
......#
#......#.#
..Y...#
........#
.# .Y.<..#
###......#
# ..YY..+
#......#
.Y.Y..#
####.###
......# ..#
##+####


You could see a hippogriff (extremely poisoned) and 4 yaks.

Vanquished Creatures
  Sigmund (D:5)
  A yak (D:8)
  A wyvern (D:8)
  Duvessa (D:6)
  2 water moccasins
  Purgy (D:4)
  3 ogres
  A sky beast (D:7)
  A black bear (D:4)
  5 necrophages (D:8)
  2 phantoms
  3 centaurs
  3 big kobolds
  Blork the orc (D:4)
  2 bullfrogs
  A gnoll sergeant (D:8)
  5 scorpions
  Dowan (D:6)
  4 killer bees
  2 howler monkeys (D:4)
  10 wights (D:8)
  2 crimson imps
  3 hounds
  2 bullfrog zombies (D:5)
  A gnoll shaman (D:5)
  5 orc priests
  5 iguanas
  Terence (D:2)
  5 orc wizards
  A worker ant (D:4)
  A killer bee zombie (D:8)
  A worker ant zombie (D:8)
  Robin (D:2)
  11 adders
  8 gnolls
  2 shadow imps (D:7)
  2 oozes
  2 adder zombies (D:8)
  5 worms
  2 dart slugs
  6 leopard geckos
  15 orcs
  5 ball pythons
  12 bats
  6 giant cockroaches
  18 goblins
  8 hobgoblins
  11 jackals
  3 quokkas
  7 frilled lizards
  19 kobolds
  A quokka skeleton (D:6)
  6 rats
  A rat zombie (D:2)
229 creatures vanquished.

Vanquished Creatures (collateral kills)
  A necrophage (D:8)
  An ice beast (D:6)
  A centaur (D:6)
  2 killer bees (D:4)
  A howler monkey (D:3)
  A jelly (D:6)
  3 orc wizards
  4 gnolls
  A river rat (Sewer)
  An adder (D:2)
  A leopard gecko (D:2)
  6 orcs
  3 goblins
  A hobgoblin (D:3)
  A jackal (D:3)
  A kobold (Sewer)
  A ball python (Sewer)
  A bat (D:2)
  A frilled lizard (D:3)
32 creatures vanquished.

Grand Total: 261 creatures vanquished

Notes
Turn   | Place    | Note
-------+----------+-------------------------------------------
     0 | D:1      | bli the Draconian Transmuter began the quest for the Orb.
     0 | D:1      | Reached XP level 1. HP: 16/16 MP: 3/3
    96 | D:1      | Reached XP level 2. HP: 23/23 MP: 3/5
   511 | D:1      | Learned a level 2 spell: Sticks to Snakes
   540 | D:1      | Reached skill level 4 in Unarmed Combat
   634 | D:2      | Identified the +0 helmet "Biociw" {Regen+}
   634 | D:2      | Noticed Robin
   639 | D:2      | Reached XP level 3. HP: 29/29 MP: 1/6
   835 | D:2      | Found a glowing golden altar of the Shining One.
   881 | D:2      | Killed Robin
   881 | D:2      | Reached XP level 4. HP: 3/36 MP: 3/7
  1269 | D:2      | Noticed Terence
  1290 | D:2      | Killed Terence
  1653 | D:2      | Found an ancient bone altar of Kikubaaqudgha.
  2051 | D:2      | Reached skill level 5 in Unarmed Combat
  2154 | D:2      | Reached XP level 5. HP: 41/41 MP: 4/8
  2163 | D:2      | Learned a level 3 spell: Spider Form
  2544 | D:3      | Reached XP level 6. HP: 34/50 MP: 5/9
  2841 | D:3      | Found a glowing drain.
  2864 | Sewer    | Entered a sewer
  3673 | D:4      | Noticed Blork the orc
  3735 | D:4      | Reached skill level 1 in Poison Magic
  3735 | D:4      | Your scales start taking on a glossy black colour.
  3735 | D:4      | Reached XP level 7. HP: 51/57 MP: 8/12
  3735 | D:4      | Gained mutation: You are resistant to electric shocks.
                  | (rElec) [Black Draconian growth]
  3928 | D:4      | Killed Blork the orc
  3928 | D:4      | Reached skill level 6 in Unarmed Combat
  4414 | D:4      | Noticed Purgy
  4423 | D:4      | Killed Purgy
  4872 | D:4      | Reached XP level 8. HP: 37/63 MP: 14/14
  5049 | D:5      | Entered Level 5 of the Dungeon
  5345 | D:5      | Noticed Sigmund
  5729 | D:5      | Killed Sigmund
  5729 | D:5      | Reached skill level 5 in Spellcasting
  6346 | D:4      | Learned a level 4 spell: Ice Form
  6397 | D:5      | Reached skill level 7 in Unarmed Combat
  6590 | D:5      | Found a staircase to the Ecumenical Temple.
  6600 | Temple   | Entered the Ecumenical Temple
  6631 | Temple   | Learned a level 5 spell: Blade Hands
  6701 | Temple   | Became a worshipper of the Wu Jian Council
  6989 | D:6      | Noticed Dowan
  6995 | D:6      | Noticed Duvessa
  7011 | D:6      | Killed Dowan
  7011 | D:6      | Reached XP level 9. HP: 37/70 MP: 14/18
  7016 | D:6      | Killed Duvessa
  7016 | D:6      | Reached skill level 5 in Transmutations
  7312 | D:6      | Reached skill level 1 in Stealth
  7660 | D:6      | Found an ancient bone altar of Kikubaaqudgha.
  8997 | D:7      | Paralysed by an orc for 6 turns
  9233 | D:7      | Found a hide-covered altar of Uskayaw.
  9233 | D:7      | Found a faded altar of an unknown god.
  9238 | D:7      | Found a white marble altar of Elyvilon.
  9240 | D:7      | Found a faded altar of an unknown god.
  9243 | D:7      | Found a sacrificial altar of Ru.
  9360 | D:7      | Got a pitted short sword
  9370 | D:7      | Reached skill level 8 in Unarmed Combat
  9537 | D:8      | Reached skill level 5 in Fighting
  9598 | D:8      | Reached * piety under Wu Jian
  9720 | D:8      | Found Ufoloel's Assorted Antiques.
  9728 | D:8      | Bought a papyrus book for 375 gold pieces
  9753 | D:8      | Reached skill level 1 in Ice Magic
 10268 | D:8      | Reached XP level 10. HP: 81/81 MP: 20/20
 10279 | D:8      | Identified the +6 morningstar of the Lettuce {vorpal, +Inv}
 10373 | D:8      | Found an iron altar of Okawaru.
 10907 | D:8      | Reached ** piety under Wu Jian
 11525 | D:9      | Slain by a yak

Illustrated notes

Levels and vault maps discovered:
D:1:      lightli_arrival_lavapool, layout_basic, serial_glass, glass_columns_b,
          glass_columns_a
D:2:      minmay_razor_zed, layout_basic, nicolae_overflow_crystal_walls,
          lemuel_zombie_altar_kikubaaqudgha, first_ration, grunt_ministairs_6,
          minmay_misc_feat_pillars, uniq_terence, uniq_robin
D:3:      layout_rooms, portal_sewer_entry_f
D:4:      black_bear_nest_2, layout_rooms, uniq_blork_the_orc, uniq_purgy
D:5:      layout_rooms, minmay_temple_entry_wispy,
          nicolae_ossuary_entry_monument, supply_closet_lemuel, uniq_sigmund
D:6:      layout_loops_cross, basic_altar, uniq_duvessa
D:7:      layout_basic, chequers_temple_overflow_minitemple
D:8:      layout_loops_ring, okawaru_trees_1, serial_undead, serial_undead_e,
          serial_undead_c, serial_undead_a, serial_undead_a, serial_undead_f,
          serial_undead_b, serial_undead_e, serial_shops, nicolae_shop_trees
D:9:      layout_roguey, nicolae_overflow_hidden_temple
Temple:   regret_index_temple_waves

Skill      XL: |  1  2  3  4  5  6  7  8  9 10 |
---------------+-------------------------------+-----
Unarmed Combat | 4 5 6 7 8 |  8.7
Fighting       | 2 3 5 |  5.1
Dodging        | 2 3 4 |  4.4
Spellcasting   | 3 4 6 7 |  7.2
Transmutations | 3 4 6 |  6.5
Poison Magic   | 1 2 |  2.0
Stealth        | 3 |  3.4
Ice Magic      | 1 2 |  2.3
Evocations     | |  0.1

Action                   |  1- 3 |  4- 6 |  7- 9 | 10-12 || total
-------------------------+-------+-------+-------+-------++-------
Melee: Unarmed           |   120 |   235 |   446 |    97 ||   898
       Kick              |     5 |       |       |       ||     5
       Tailslap          |    14 |    31 |    40 |     4 ||    89
       Headbutt          |     3 |    21 |    45 |       ||    69
       Punch             |       |     1 |     6 |     2 ||     9
Throw: Dart              |     1 |     1 |       |       ||     2
 Cast: Beastly Appendage |    15 |    25 |    35 |     2 ||    77
       Sticks to Snakes  |     2 |    23 |    54 |     2 ||    81
       Spider Form       |       |       |     8 |     1 ||     9
       Ice Form          |       |       |     6 |     4 ||    10
Invok: Lunge             |       |       |    20 |    12 ||    32
       Whirlwind         |       |       |     2 |     3 ||     5
 Abil: Breathe Lightning |       |       |     2 |       ||     2
Evoke: Wand              |       |       |     2 |       ||     2
  Use: Scroll            |       |     2 |     6 |       ||     8
       Potion            |       |       |     4 |       ||     4
 Stab: Sleeping          |     2 |       |     4 |     2 ||     8
       Distracted        |     1 |     2 |     3 |     1 ||     7
  Eat: Chunk             |       |    12 |    17 |     2 ||    31
       Ration            |       |       |     2 |     1 ||     3
Armor: Skin              |    48 |    91 |   124 |    16 ||   279
Dodge: Dodged            |    94 |   147 |   331 |    70 ||   642
